 Dungeon Crawl Stone Soup version 0.18-a0-1413-g4eaa9ac (webtiles) character file.

117 M4edhros the Ducker (level 5, -1/33 HPs)
             Began as an Octopode Artificer on Feb 25, 2016.
             Slain by a gnoll
             ... wielding a +0 spear
              (8 damage)
             ... on level 3 of the Dungeon.
             The game lasted 00:02:43 (3269 turns).

M4edhros the Ducker (Octopode Artificer)            Turns: 3269, Time: 00:02:43

Health: -1/33      AC:  1    Str: 10    XL:     5   Next: 1%
Magic:  16/16      EV: 14    Int: 15    God:
Gold:   189        SH:  0    Dex: 13    Spells: 0 memorised, 4 levels left

rFire  . . .     SeeInvis .     (no weapon)
rCold  . . .     Gourm    .     (no shield)
rNeg   . . .     Faith    .     (helmet restricted)
rPois  .         Spirit   .     (no amulet)
rElec  .         Dismiss  .     e - ring of magical power
rCorr  .         Reflect  .     (no ring)
SustAt .         Harm     .     (no ring)
MR     .....                    (no ring)
Stlth  +++.......               (no ring)
                                (no ring)
                                (no ring)
                                (no ring)

@: not resistant to hostile enchantments, fairly stealthy
A: almost no armour, amphibious, 8 rings, constrict 8, camouflage 1, gelatinous
body 1
a: no special abilities


You were on level 3 of the Dungeon.
You were hungry.

You visited 1 branch of the dungeon, and saw 3 of its levels.

You collected 189 gold pieces.

Inventory:

Jewellery
 e - a ring of magical power (left tentacle)
Wands
 b - a wand of flame (15/48)
 c - a wand of enslavement (15/24)
 d - a wand of random effects (15/48)
Scrolls
 a - 8 scrolls of identify {unknown}
 g - a scroll of teleportation {unknown}
 j - 2 scrolls of remove curse {unknown}
 k - 2 scrolls of noise {unknown}
 n - a scroll of recharging {unknown}
 o - a scroll of fear {unknown}
 s - a scroll of enchant weapon {unknown}
Potions
 h - a potion of curing {unknown}
 i - a potion of heal wounds {unknown}
 m - a potion of agility {unknown}
 r - a potion of invisibility {unknown}
Comestibles
 f - 4 bread rations
 l - 4 fruits
 p - a slice of pizza
 q - a beef jerky
 t - a royal jelly


   Skills:
 - Level 1.0 Fighting
   Level 1.0 Short Blades
 + Level 5.0 Dodging
 - Level 1.3 Stealth
 - Level 3.2 Evocations


You had 4 spell levels left.
You didn't know any spells.

Dungeon Overview and Level Annotations

Branches:
Dungeon (3/15)

Altars:
Nemelex Xobeh
Ru
The Shining One


Innate Abilities, Weirdness & Mutations

You cannot wear most types of armour.
You are amphibious.
You can wear up to eight rings at the same time.
You can use your tentacles to constrict eight enemies at once.
Your skin changes colour to match your surroundings (Stealth).
Your rubbery body absorbs attacks (AC +1).


Message History

The gnoll shouts!
You tentacle-slap the gnoll. You grab the gnoll. You squeeze the gnoll.
The gnoll is moderately wounded.
You constrict the gnoll. The gnoll barely misses you.
You tentacle-slap the gnoll but do no damage.
The gnoll is moderately wounded.
You constrict the gnoll.
The gnoll hits you from afar with a spear!
The gnoll barely misses you.
You tentacle-slap the gnoll but do no damage.
The gnoll is heavily wounded.
You constrict the gnoll. The gnoll completely misses you.
The gnoll hits you with a spear.
You tentacle-slap the gnoll but do no damage.
The gnoll is severely wounded.
You constrict the gnoll.
The gnoll hits you from afar with a spear!
* * * LOW HITPOINT WARNING * * *
The gnoll hits you with a spear!
You die...

# #.# ###.##### #.#.....#
#.......# ####.......############
#.(.(......#..........#
####.##.......#...g......########
................@g.[.............
####.####.....#..........#.######
...#.# ##################.#
...#.# #.....# #.# ...#.#
#.###.###########.# ...#.# #.#
#.##..........# ...#.# ###.#
#.##..........######
...#.###...###.##....#.#...#.....
.[.).................._)...#.....


You could see 2 gnolls.

Vanquished Creatures
  2 gnolls (D:3)
  2 adders (D:2)
  2 oozes
  A worm (D:2)
  3 dart slugs (D:1)
  A giant gecko (D:2)
  2 ball pythons
  3 giant cockroaches
  17 goblins
  6 hobgoblins
  3 quokkas (D:3)
  2 bats
  2 giant newts
  6 kobolds
  11 rats
63 creatures vanquished.

Notes
Turn   | Place    | Note
--------------------------------------------------------------
     0 | D:1      | M4edhros the Octopode Artificer began the quest for the Orb.
     0 | D:1      | Reached XP level 1. HP: 13/13 MP: 3/3
   230 | D:1      | Reached XP level 2. HP: 6/18 MP: 4/4
   443 | D:1      | Reached skill level 3 in Dodging
   630 | D:1      | Reached XP level 3. HP: 20/23 MP: 5/5
  1320 | D:2      | Found a sparkling altar of Nemelex Xobeh.
  1365 | D:2      | Reached skill level 4 in Dodging
  1724 | D:2      | Reached XP level 4. HP: 17/28 MP: 6/6
  2122 | D:2      | Found a glowing golden altar of the Shining One.
  2787 | D:3      | Found a sacrificial altar of Ru.
  3067 | D:3      | Reached skill level 5 in Dodging
  3067 | D:3      | Reached XP level 5. HP: 16/33 MP: 7/7
  3269 | D:3      | Slain by a gnoll

Vault maps used:
D:1:      dpeg_arrival_refuge, grunt_decor_resistance
D:2:      tso_metal_star, nemelex_deck
D:3:      lemuel_crystal_altar

Skill      XL: |  1  2  3  4 |
---------------+-------------+-----
Dodging        | 3 4 5 |  5.0
Fighting       | |  1.0
Short Blades   | |  1.0
Stealth        | |  1.3
Evocations     | |  3.2

Action                   |  1- 3 |  4- 6 || total
-------------------------+-------+-------++-------
Melee: Unarmed           |   104 |    88 ||   192
 Stab: Sleeping          |     5 |     5 ||    10
       Distracted        |     1 |     1 ||     2
  Eat: Chunk             |     2 |     3 ||     5
       Beef jerky        |       |     1 ||     1
